 Dungeon Sprint DCSS version 0.30.1 (webtiles) character file.

Game seed: 11551797734492984438

66 boopmooplesden the Trooper (level 3, -2/49 HPs)
             Began as a Demonspawn Berserker on July 8, 2023.
             Was a Believer of Trog.
             Slain by an air elemental (8 damage)
             ... while paralysed by an air elemental
             ... in the Dungeon (Sprint V: "Ziggurat Sprint").
             The game lasted 00:00:49 (287 turns).

boopmooplesden the Trooper (Demonspawn Berserker)    Turns: 287, Time: 00:00:49

Health: -2/49      AC: 18    Str: 19    XL:     3   Next: 96%
Magic:  3/3        EV:  2    Int:  8    God:    Trog [**....]
Gold:   0          SH:  0    Dex: 12    Spells: 2/2 levels left

rFire   + . .        B - +5 demon trident
rCold   + . .        j - +3 kite shield
rNeg    . . .        i - +5 gold dragon scales
rPois   +            (no helmet)
rElec   .            (no cloak)
rCorr   .            (no gloves)
SInv    .            (no boots)
Will    .....        (no amulet) Stlth
                     (no ring)
HPRegen 0.28/turn    (no ring)
MPRegen 0.08/turn

%: no teleportation
@: paralysed, mighty, berserking
A: powered by pain 1
a: Renounce Religion, Berserk, Trog's Hand


You were in the Dungeon.
You worshipped Trog.
Trog was pleased with you.
You visited 1 branch

Inventory:

Hand Weapons
 a - a +0 spear
 B - a +5 demon trident (weapon)
Armour
 b - a +0 animal skin
 i - +5 gold dragon scales (worn)
 j - a +3 kite shield (worn)
Jewellery
 t - a ring of flight
 u - a +6 ring of dexterity
 v - a +6 ring of dexterity
 w - a +6 ring of intelligence
 x - a +6 ring of intelligence
 y - a +6 ring of strength
 z - a +6 ring of strength
 C - a ring of magical power
Wands
 r - a wand of mindburst (7)
 s - a wand of quicksilver (7)
 A - a wand of paralysis (3)
Scrolls
 h - 4 scrolls of blinking
 o - 7 scrolls of fog
 p - 5 scrolls of identify
 q - 2 scrolls of fear
Potions
 c - 10 potions of curing
 d - 10 potions of heal wounds
 e - 6 potions of haste
 f - 7 potions of magic
 g - 3 potions of berserk rage
 k - 2 potions of invisibility
 l - 4 potions of resistance
 m - a potion of experience
 n - 5 potions of might


   Skills:
 + Level 5.5 Fighting
 + Level 4.9 Polearms
 + Level 3.0 Armour
 + Level 2.4 Dodging
 + Level 1.9 Shields


You had 2 spell levels left.
You didn't know any spells.
Your spell library was empty.

Dungeon Overview and Level Annotations

Branches:
Dungeon (1/1)

Altars:
Ashenzari
Cheibriados
Dithmenos
Fedhas
Gozag
Hepliaklqana
Kikubaaqudgha
Makhleb
Nemelex Xobeh
Okawaru
Qazlal
Ru
Sif Muna
Trog
Uskayaw
Vehumet
Wu Jian
Xom
Yredelemnul
Jiyva
Lugonu

Annotations:
D 1 transporter


Innate Abilities, Weirdness & Mutations

You sometimes gain a little power by taking damage.


Message History

Done waiting.
There is a transporter here.
Welcome to arena 3.
You enter the transporter and appear at another place. 4 air elementals come into view.
The air elemental fires a burst of electricity at you.
The stunning burst hits the air elemental.
The air elemental completely resists.
The stunning burst hits you.
You suddenly lose the ability to move!
The air elemental fires a burst of electricity at you.
The stunning burst hits you!
You focus on the pain.
You feel very mighty all of a sudden.
You can move again.
Found four items.
Found a transporter.
A red film seems to cover your vision as you go berserk!
You feel yourself moving faster!
You feel mighty!
The air elemental fires a burst of electricity at you.
The stunning burst hits you.
You shrug off the repeated paralysis!
The air elemental fires a burst of electricity at you.
The stunning burst hits you!
You shrug off the repeated paralysis!
* * * LOW HITPOINT WARNING * * *
The air elemental fires a burst of electricity at you.
The stunning burst hits you but does no damage.
You shrug off the repeated paralysis!
The air elemental fires a burst of electricity at you.
The stunning burst hits you.
You shrug off the repeated paralysis!
* * * LOW HITPOINT WARNING * * *
You closely miss the air elemental.
The air elemental fires a burst of electricity at you.
The stunning burst hits you but does no damage.
You suddenly lose the ability to move!
The air elemental hits you but does no damage.
The air elemental fires a burst of electricity at you.
The stunning burst hits you but does no damage.
The air elemental hits you but does no damage.
The air elemental fires a burst of electricity at you.
The stunning burst hits you.
* * * LOW HITPOINT WARNING * * *
The air elemental hits you but does no damage.
The air elemental hits you!
You die...

▓▓▓▓▓▓▓▓▓▓▓▓▓▓▓▓▓▓▓
▓.8©8.▓.8©8.▓.8©8.▓
▓.[)|.▓..:|.▓.....▓
▓..)..▓.....▓.=.|.▓
▓.....▓.....▓..†..▓
▓..E..▓.....▓.....▓
▓.EEE.▓.....▓..©..▓
▓..@..▓..©..▓▓▓▓▓▓▓
▓▓▓▓▓▓▓▓▓▓▓▓▓


You could see 4 air elementals.

Vanquished Creatures
  A quasit (D)
  An iron imp (D)
  An ufetubus (D)
  2 ball pythons (D)
5 creatures vanquished.

Notes
Turn   | Place    | Note
-------+----------+-------------------------------------------
     0 | D        | boopmooplesden the Demonspawn Berserker began the quest for
                  | the Orb.
     0 | D        | Reached XP level 1. HP: 18/18 MP: 1/1
    13 | D        | Found a blossoming altar of Fedhas.
    13 | D        | Found the +6 Majin-Bo {spellvamp, MP+6 Int+6}
    13 | D        | Found the +27 heavy crossbow "Sniper" {heavy, Acc+∞ SInv}
    13 | D        | Found the +10 dark maul {heavy}
    13 | D        | Found the +15 Maxwell's patent armour {-Cast -Tele rElec
                  | Will+ rCorr}
    13 | D        | Found the +18 shield of the Gong {Loud rN+ Will+ rCorr
                  | EV-5}
    13 | D        | Found the +16 obsidian axe {drain, demonic, Mesm Drain Fly
                  | SInv}
    13 | D        | Found the +7 great mace "Firestarter" {flame, immolate,
                  | rFlCloud rF++}
    13 | D        | Found the +6 shillelagh "Devastator" {shatter}
    13 | D        | Found the +11 plutonium sword {Contam Stlth-}
    13 | D        | Found the +8 lance "Wyrmbane" {slay drac, rPois rF+ rC+
                  | AC+3}
    13 | D        | Found the +9 sword of Zonguldrok {reap}
    13 | D        | Found the +13 scythe of Curses {drain, curses, Drain}
    13 | D        | Found the +9 sword of Power {lifebolt}
    13 | D        | Found the +7 mace of Variability {chaos, chaos arc}
    13 | D        | Found the +11 Singing Sword {sonic wave}
    13 | D        | Found the +8 storm bow {elec, penet}
    22 | D        | Found a shimmering blue altar of Sif Muna.
    22 | D        | Found a sacrificial altar of Ru.
    22 | D        | Found a bloodstained altar of Trog.
    22 | D        | Found a stormy altar of Qazlal.
    22 | D        | Found an iron altar of Okawaru.
    22 | D        | Found a sparkling altar of Nemelex Xobeh.
    24 | D        | Found a transporter.
    24 | D        | Found an ancient bone altar of Kikubaaqudgha.
    24 | D        | Found a viscous altar of Jiyva.
    24 | D        | Found a corrupted altar of Lugonu.
    24 | D        | Found a hazy altar of Hepliaklqana.
    24 | D        | Found a burning altar of Makhleb.
    24 | D        | Found an opulent altar of Gozag.
    49 | D        | Entered arena 2.
    49 | D        | Found a transporter.
    65 | D        | Entered arena 3.
    65 | D        | Noticed an iron imp
    65 | D        | Noticed a quasit
    65 | D        | Found a transporter.
    72 | D        | Killed an iron imp
    72 | D        | Reached ** piety under Trog
    73 | D        | Reached skill level 4 in Fighting
    73 | D        | Reached skill level 1 in Shields
    73 | D        | Gained mutation: You sometimes gain a little power by
                  | taking damage. [demonic ancestry]
    73 | D        | Reached XP level 2. HP: 5/26 MP: 2/2
    73 | D        | Reached XP level 3. HP: 6/31 MP: 3/3
    78 | D        | Reached skill level 5 in Fighting
   284 | D        | Entered arena 4.
   284 | D        | Noticed an air elemental
   284 | D        | Noticed an air elemental
   284 | D        | Noticed an air elemental
   284 | D        | Noticed an air elemental
   284 | D        | Found a transporter.
   284 | D        | Paralysed by an air elemental for 1 turns
   286 | D        | Paralysed by an air elemental for 1 turns
   287 | D        | Slain by an air elemental

Illustrated notes

Levels and vault maps discovered:
D:        sprint_v [room_start, room_1, room_2, room_3, room_4, room_5, room_6,
          room_7, room_8, room_9, room_10, room_11, room_12, room_13, room_14,
          room_15, room_16, room_17, room_18, room_19, room_20, room_21,
          room_22, room_23, room_24, room_25, room_26, room_27]

Skill      XL: |  1  2  3 |
---------------+----------+-----
Fighting       | 4 5 |  5.5
Polearms       | 4 |  4.9
Armour         | 2 3 |  3.0
Dodging        | 2 |  2.4
Shields        | 1 |  1.9

Action                     || total
---------------------------++-------
  Melee: Demon trident     ||    15
 Invoke: Berserk           ||     2
 Armour: Gold dragon scale ||    44
  Dodge: Dodged            ||     2
  Block: Kite shield       ||    23
